 Dungeon Sprint DCSS version 0.24.0-13-gcf9b319 (webtiles) character file.

Game seed: 11521974422858724741, levelgen mode: deterministic

8842 Fang the Fighter (level 11, -9/80 HPs)
             Began as a Gargoyle Berserker on Nov 11, 2019.
             Was the Champion of Trog.
             Mangled by a black draconian
             ... wielding a +0 short sword
              (17 damage)
             ... in the Dungeon (Sprint V: "Ziggurat Sprint").
             The game lasted 00:02:17 (990 turns).

Fang the Fighter (Gargoyle Berserker)                Turns: 990, Time: 00:02:17

Health: -9/80      AC: 45    Str: 36    XL:     11   Next: 37%
Magic:  11/11      EV:  6    Int:  8    God:    Trog [******]
Gold:   0          SH: 27    Dex:  9    Spells: 10/10 levels left

rFire    . . .     SeeInvis .   a - +5 broad axe (flame)
rCold    . . .     Gourm    .   E - +18 shield of the Gong {rElec rN+ MR+ EV-5}
rNeg     + + .     Faith    .   b - +15 Maxwell's patent armour {-Cast -Tele rElec MR+ rCorr}
rPois    ∞         Spirit   .   Q - +2 hat
rElec    +         Reflect  .   (no cloak)
rCorr    +         Harm     .   (no gloves)
MR       ++++.     NoTele   +   K - +2 pair of boots {run} Stlth ..........NoCast +
                                (no amulet)
HPRegen  1.23/turn              D - +6 ring of strength
MPRegen  0.12/turn              C - +6 ring of strength

@: berserk cooldown, regenerating, slowed, studying Shields, very slow
A: negative energy resistance 1, electricity resistance, unbreathing,
petrification resistance, rot immunity, AC +8
a: Berserk, Trog's Hand, Brothers in Arms, Renounce Religion


You were in the Dungeon.
You worshipped Trog.
Trog was exalted by your worship.
You were very hungry.

You visited 1 branch

Inventory:

Hand Weapons
 a - a +5 broad axe of flaming (weapon)
Armour
 b - the +15 Maxwell's patent armour (worn) {-Cast -Tele rElec MR+ rCorr}
   (You found it in the Dungeon)

   It insulates you from electricity.
   It affects your resistance to hostile enchantments.
   It prevents spellcasting.
   It prevents most forms of teleportation.
   It provides partial protection from all sources of acid and corrosion.
 E - the +18 shield of the Gong (worn) {rElec rN+ MR+ EV-5}
   (You found it in the Dungeon)

   It affects your evasion (-5).
   It insulates you from electricity.
   It protects you from negative energy.
   It affects your resistance to hostile enchantments.
 K - a +2 pair of boots of running (worn)
 Q - a +2 hat (worn)
Jewellery
 g - the ring "Eschag" {rPois MR+}
   (You found it in the Dungeon)

   [ring of protection from magic]

   It protects you from poison.
   It affects your resistance to hostile enchantments.
 o - an uncursed ring of flight
 y - an uncursed ring of stealth
 B - the ring of Qazlal's Reproof {rN+ Int+5}
   (You found it in the Dungeon)

   [ring of intelligence]

   It affects your intelligence (+5).
   It protects you from negative energy.
 C - a +6 ring of strength (right hand)
 D - a +6 ring of strength (left hand)
 F - the ring "Rikuwies" {rElec AC+2 Str+3 Dex+7}
   (You found it in the Dungeon)

   [ring of protection]

   It affects your AC (+2).
   It affects your strength (+3).
   It affects your dexterity (+7).
   It insulates you from electricity.
 G - the ring of Rationality {rN+ Int+7 SInv Stlth+}
   (You found it in the Dungeon)

   [ring of see invisible]

   It affects your intelligence (+7).
   It protects you from negative energy.
   It lets you see invisible.
   It makes you more stealthy.
 H - an uncursed ring of magical power
 I - the ring "Miataqaaxa" {rF+ MP+9 Int+6}
   (You found it in the Dungeon)

   [ring of protection from fire]

   It affects your intelligence (+6).
   It protects you from fire.
   It affects your magic capacity (+9).
 J - a +1 ring of evasion
Wands
 u - a wand of disintegration (7)
 v - a wand of iceblast (7)
 w - a wand of acid (7)
 O - a wand of polymorph (1)
Scrolls
 i - 4 scrolls of blinking
 j - 7 scrolls of fog
 k - a scroll of holy word
 l - 5 scrolls of identify
 m - 5 scrolls of remove curse
 n - 2 scrolls of fear
 L - a scroll of brand weapon
Potions
 d - 10 potions of curing
 e - 10 potions of heal wounds
 f - 6 potions of haste
 h - 4 potions of berserk rage
 p - 2 potions of invisibility
 q - 4 potions of resistance
 r - a potion of experience
 s - 5 potions of agility
 t - 5 potions of might
 z - a potion of flight {unknown}
 A - a potion of brilliance
 M - a potion of mutation {unknown}
 P - a potion of cancellation {unknown}
Books
 x - a manual of Shields
Comestibles
 c - 7 rations
 N - 6 chunks of flesh


   Skills:
 + Level 14.8 Fighting
 + Level 12.8 Axes
 + Level 14.7 Armour
 + Level 11.7 Dodging


You had 10 spell levels left.
You didn't know any spells.
Your spell library was empty.

Dungeon Overview and Level Annotations

Branches:
Dungeon (1/1)

Altars:
Ashenzari
Cheibriados
Dithmenos
Elyvilon
Fedhas
Gozag
Hepliaklqana
Kikubaaqudgha
Makhleb
Nemelex Xobeh
Okawaru
Qazlal
Ru
Sif Muna
Trog
Uskayaw
Vehumet
Wu Jian
Xom
Yredelemnul
Zin
The Shining One
Beogh
Jiyva
Lugonu


Innate Abilities, Weirdness & Mutations

You are resistant to torment.
Your stone body is resilient. (AC +8)
You are immune to poison.
You resist negative energy. (rN+)
You are resistant to electric shocks. (rElec)
You can survive without breathing.
You are immune to petrification.
You are immune to rotting.


Message History

BONNNG!
You block the death cob's attack.
GONNNNG!
You block the green draconian's attack.
GONNNNG!
The green draconian barely misses you.
The white draconian hits you but does no damage.
The black draconian hits you with a +0 short sword!
The death cob hits you!!
* * * LOW HITPOINT WARNING * * *
The death cob drains your vigour!
You feel as though you will be slow longer.
The green draconian hits you with a +0 halberd!
* * * LOW HITPOINT WARNING * * *
You block the green draconian's attack.
GONNNNG!
The white draconian hits you but does no damage.
The yellow draconian shifter mumbles some strange words.
The black draconian hits you with a +0 short sword!
You die...

▓..}...:..▓
▓..=)))[..▓...))}[..▓
▓.........▓.........▓
▓.........▓.........▓
▓.........▓....).)..▓
▓.........▓...)))...▓
▓....d....▓.▓..)..▓.▓
▓.▓.dzdd▓.▓....©....▓
▓..dd@qd..▓▓▓▓▓▓▓▓▓▓▓
▓▓▓▓▓▓▓▓▓▓▓


You could see 3 draconians, a green draconian (berserk), a purple draconian, 2
draconians, a yellow draconian shifter and a death cob.

Vanquished Creatures
  Gastronok (D)
  A yaktaur captain (D)
  Erolcha (D)
  Erica (D)
  A cyclops (D)
  A moth of wrath (D)
  2 yaktaurs (D)
  2 efreet (D)
  2 jumping spiders (D)
  Grinder (D)
  2 spriggans (D)
  Sigmund (D)
  Eustachio (D)
  2 fire elementals (D)
  Grum (D)
  A hell hound (D)
  Edmund (D)
  Duvessa (D)
  3 orc warriors (D)
  2 black bears (D)
  3 ogres (D)
  2 wolves (D)
  2 centaurs (D)
  Blork the orc (D)
  Dowan (D)
  2 scorpions (D)
  Crazy Yiuf (D)
  6 orc priests (D)
  2 iron imps (D)
  An orc wizard (D)
  Jessica (D)
  2 orcs (D)
  2 fire vortices (D)
54 creatures vanquished.

Vanquished Creatures (others)
  A fire vortex (D)
1 creature vanquished.

Grand Total: 55 creatures vanquished

Notes
Turn   | Place    | Note
-------+----------+-------------------------------------------
     0 | D        | Fang the Gargoyle Berserker began the quest for the Orb.
     0 | D        | Reached XP level 1. HP: 14/14 MP: 1/1
     0 | D        | Found a blossoming altar of Fedhas.
     1 | D        | Found the +6 Majin-Bo {vamp, Archmagi MP+6 Int+6}
     1 | D        | Found the +7 great mace "Firestarter" {inner flame, rF++}
     2 | D        | Found a viscous altar of Jiyva.
     2 | D        | Found a transporter.
     2 | D        | Found a hazy altar of Hepliaklqana.
     2 | D        | Found an ancient bone altar of Kikubaaqudgha.
     2 | D        | Found an opulent altar of Gozag.
     2 | D        | Found a corrupted altar of Lugonu.
    14 | D        | Found a burning altar of Makhleb.
    16 | D        | Found a stormy altar of Qazlal.
    16 | D        | Found a sacrificial altar of Ru.
    16 | D        | Found an iron altar of Okawaru.
    16 | D        | Found a shimmering blue altar of Sif Muna.
    16 | D        | Found a sparkling altar of Nemelex Xobeh.
    16 | D        | Found a bloodstained altar of Trog.
    24 | D        | Found the +9 heavy crossbow "Sniper" {velocity, Acc+∞ SInv}
    24 | D        | Found the +10 dark maul {crush}
    24 | D        | Found the +15 Maxwell's patent armour {-Cast -Tele rElec
                  | MR+ rCorr}
    24 | D        | Found the +18 shield of the Gong {rElec rN+ MR+ EV-5}
    24 | D        | Found the cursed +14 obsidian axe {chop, +Fly SInv *Curse}
    75 | D        | Entered arena 2.
    75 | D        | Noticed an iron imp
    75 | D        | Noticed an iron imp
    75 | D        | Found a transporter.
    80 | D        | Killed an iron imp
    80 | D        | Reached XP level 2. HP: 20/20 MP: 2/2
    80 | D        | Reached XP level 3. HP: 24/24 MP: 3/3
    84 | D        | Reached skill level 5 in Fighting
    84 | D        | Reached XP level 4. HP: 31/31 MP: 4/4
   121 | D        | Entered arena 3.
   121 | D        | Noticed an ogre
   121 | D        | Noticed an ogre
   121 | D        | Noticed an ogre
   121 | D        | Found a transporter.
   124 | D        | Killed an ogre
   124 | D        | Reached ** piety under Trog
   124 | D        | Reached skill level 5 in Axes
   124 | D        | Reached skill level 5 in Armour
   124 | D        | Reached XP level 5. HP: 37/37 MP: 5/5
   125 | D        | Killed an ogre
   125 | D        | Reached skill level 5 in Dodging
   125 | D        | Reached XP level 6. HP: 44/44 MP: 6/6
   227 | D        | Entered arena 4.
   227 | D        | Noticed a jumping spider
   227 | D        | Noticed a jumping spider
   227 | D        | Found a transporter.
   230 | D        | Reached *** piety under Trog
   231 | D        | Killed a jumping spider
   231 | D        | Reached XP level 7. HP: 51/51 MP: 7/7
   244 | D        | Killed a jumping spider
   280 | D        | Entered arena 5.
   280 | D        | Noticed Sigmund
   280 | D        | Noticed Jessica
   280 | D        | Noticed Blork the orc
   280 | D        | Noticed Crazy Yiuf
   280 | D        | Found a transporter.
   284 | D        | Killed Crazy Yiuf
   284 | D        | Reached **** piety under Trog
   284 | D        | Reached XP level 8. HP: 57/57 MP: 8/8
   284 | D        | Killed Jessica
   286 | D        | Killed Blork the orc
   286 | D        | Reached skill level 10 in Fighting
   290 | D        | Killed Sigmund
   290 | D        | Reached skill level 10 in Armour
   323 | D        | Got the ring of Qazlal's Reproof {rN+ Int+5}
   340 | D        | Entered arena 6.
   340 | D        | Found a transporter.
   343 | D        | Reached ***** piety under Trog
   347 | D        | Received a gift from Trog
   356 | D        | Got the ring "Rikuwies" {rElec AC+2 Str+3 Dex+7}
   431 | D        | Entered arena 7.
   431 | D        | Noticed a spriggan
   431 | D        | Noticed a spriggan
   446 | D        | Killed a spriggan
   446 | D        | Reached XP level 9. HP: 49/64 MP: 9/9
   447 | D        | Received a gift from Trog
   448 | D        | Found a transporter.
   456 | D        | Got the ring of Rationality {rN+ Int+7 SInv Stlth+}
   460 | D        | Got the ring "Miataqaaxa" {rF+ MP+9 Int+6}
   517 | D        | Entered arena 8.
   517 | D        | Noticed a yaktaur
   517 | D        | Noticed a yaktaur captain
   517 | D        | Noticed a yaktaur
   517 | D        | Noticed a cyclops
   518 | D        | Found the +3 giant club "Skullcrusher" {speed, Str+7}
   518 | D        | Found a transporter.
   524 | D        | Killed a yaktaur
   525 | D        | Reached skill level 10 in Axes
   526 | D        | Killed a yaktaur
   527 | D        | Killed a yaktaur captain
   530 | D        | Killed a cyclops
   530 | D        | Reached skill level 10 in Dodging
   530 | D        | Reached XP level 10. HP: 72/72 MP: 10/10
   582 | D        | Entered arena 9.
   583 | D        | Identified the +7 long sword of the Foremost Shrikes
                  | {protect, Int+4 Dex-4}
   583 | D        | Found a transporter.
   586 | D        | Received a gift from Trog
   601 | D        | Reached ****** piety under Trog
   652 | D        | Identified a +2 pair of boots of running (You found it in
                  | the Dungeon)
   823 | D        | Entered arena 10.
   826 | D        | Received a gift from Trog
   827 | D        | Found a transporter.
   866 | D        | Got the ring "Eschag" {rPois MR+}
   882 | D        | Entered arena 11.
   882 | D        | Noticed Dowan
   882 | D        | Noticed Duvessa
   882 | D        | Noticed Edmund
   882 | D        | Noticed Erica
   882 | D        | Noticed Erolcha
   882 | D        | Noticed Eustachio
   882 | D        | Noticed Gastronok
   882 | D        | Noticed Grum
   882 | D        | Noticed Grinder
   883 | D        | Identified the +5 hunting sling of the Beginning {flame,
                  | Str+4}
   883 | D        | Found a transporter.
   891 | D        | Killed Grinder
   891 | D        | Killed Duvessa
   892 | D        | Killed Edmund
   893 | D        | Killed Dowan
   893 | D        | Received a gift from Trog
   897 | D        | Killed Grum
   898 | D        | Killed Erolcha
   902 | D        | Killed Eustachio
   904 | D        | Killed Erica
   904 | D        | Received a gift from Trog
   904 | D        | Reached XP level 11. HP: 80/80 MP: 11/11
   905 | D        | Killed Gastronok
   978 | D        | Entered arena 12.
   978 | D        | Noticed a yellow draconian shifter
   978 | D        | Noticed a moth of wrath
   978 | D        | Noticed a purple draconian
   978 | D        | Noticed a white draconian
   978 | D        | Noticed a death cob
   978 | D        | Noticed a white draconian
   978 | D        | Noticed a green draconian
   978 | D        | Noticed a black draconian
   979 | D        | Noticed a black draconian
   981 | D        | Noticed a black draconian
   986 | D        | Killed a moth of wrath
   990 | D        | Mangled by a black draconian

Levels and vault maps discovered:
D:        sprint_v [room_start, room_1, room_2, room_3, room_4, room_5, room_6,
          room_7, room_8, room_9, room_10, room_11, room_12, room_13, room_14,
          room_15, room_16, room_17, room_18, room_19, room_20, room_21,
          room_22, room_23, room_24, room_25, room_26, room_27]

Skill      XL: |  1  2  3  4  5  6  7  8  9 10 |
---------------+-------------------------------+-----
Fighting       | 4 5 6 7 9 11 12 14 | 14.8
Axes           | 3 4 5 6 7 8 9 11 12 | 12.8
Armour         | 3 4 5 6 8 9 10 12 14 | 14.7
Dodging        | 2 3 4 5 6 7 8 10 11 | 11.7

Action                   |  1- 3 |  4- 6 |  7- 9 | 10-12 || total
-------------------------+-------+-------+-------+-------++-------
Melee: Broad axe         |     7 |     5 |    43 |    58 ||   113
Invok: Berserk           |     1 |     2 |     2 |     4 ||     9
       Trog's Hand       |       |       |       |     1 ||     1
  Use: Scroll            |       |       |       |     2 ||     2
  Eat: Chunk             |       |       |     3 |     5 ||     8
Armor: Plate armour      |     1 |     2 |    32 |    38 ||    73
Dodge: Dodged            |       |       |     3 |    12 ||    15
Block: Shield            |     6 |     5 |    69 |    89 ||   169
